 Dungeon Crawl Stone Soup version 0.29-a0-284-gf9362112df (webtiles) character file.

Game seed: 17965432942059535560

4 osuadh the Conjurer (level 1, -6/15 HPs)
             Began as a Draconian Conjurer on Mar 15, 2022.
             Mangled by an orc
             ... wielding a +0 war axe
              (8 damage)
             ... on level 3 of the Dungeon.
             The game lasted 00:01:09 (121 turns).

osuadh the Conjurer (Draconian Conjurer)             Turns: 121, Time: 00:01:09

Health: -6/15      AC:  4    Str:  9    XL:     1   Next: 50%
Magic:  3/3        EV: 12    Int: 18    God:
Gold:   0          SH:  0    Dex:  9    Spells: 3/4 levels left

rFire   . . .      SeeInvis .   (no weapon)
rCold   . . .      Faith    .   (no shield)
rNeg    . . .      Spirit   .   (body armour unavailable)
rPois   .          Reflect  .   (helmet restricted)
rElec   .          Harm     .   (no cloak)
rCorr   .          Rampage  .   (no gloves)
Will    .....                   (no boots)
Stlth   ++........              (no amulet)
HPRegen 0.05/turn               (no ring)
MPRegen 0.08/turn               (no ring)

@: no status effects
A: AC +4, unfitting armour, cold-blooded
a: no special abilities


You were on level 3 of the Dungeon.
You visited 1 branch of the dungeon, and saw 3 of its levels.

Inventory:

Potions
 a - a potion of magic


   Skills:
 + Level 0.7 Fighting
 - Level 1.7 Dodging
 - Level 1.7 Stealth
 + Level 2.1 Spellcasting
 - Level 4.0 Conjurations


You had 3 spell levels left.
You knew the following spells:

 Your Spells              Type           Power      Damage    Failure   Level
a - Magic Dart            Conj           64%        1d6       3%          1

Your spell library contained the following spells:

 Spells                   Type           Power      Damage    Failure   Level
 Searing Ray              Conj           32%        2d5       5%          2
 Dazzling Flash           Conj/Hex       18%        N/A       24%         3
 Fulminant Prism          Conj/Hex       4%         3d6       61%         4
 Iskenderun's Mystic Bla  Conj/Tloc      9%         2d4       61%         4


Dungeon Overview and Level Annotations

Branches:
Dungeon (3/15)

Altars:

Annotations:
D:3 Natasha


Innate Abilities, Weirdness & Mutations

Your plain brown scales are hard. (AC +4)
You cannot fit into any form of body armour.
You are cold-blooded and may be slowed by cold attacks.


Message History

The giant cockroach bites you.
* * * LOW HITPOINT WARNING * * *
The giant cockroach closely misses you.
The kobold throws a stone.
The stone misses you.
The kobold throws a stone.
The stone hits you.
* * * LOW HITPOINT WARNING * * *
Found a scroll labelled TOHUIR BORAGUT.
Found 18 stones.
The giant cockroach completely misses you.
An orc opens the door.
The giant cockroach attacks as you move away!
The giant cockroach barely misses you.
The giant cockroach attacks as you move away!
The giant cockroach misses you. The giant cockroach closely misses you.
The giant cockroach attacks as you move away!
The giant cockroach barely misses you.
Found a stone staircase leading down.
The giant cockroach attacks as you move away!
The giant cockroach bites you but does no damage.
The giant cockroach bites you but does no damage.
The kobold throws a stone.
The stone hits you but does no damage.
The giant cockroach attacks as you move away!
The giant cockroach bites you.
* * * LOW HITPOINT WARNING * * *
The giant cockroach attacks as you move away!
The giant cockroach closely misses you.
There is a stone staircase leading down here.
The giant cockroach barely misses you. The giant cockroach closely misses you.
You climb downwards.
There is a stone staircase leading up here.
The orc wizard shouts!
The orc shouts!
You hear an angry hiss.
You hear a shout! x2
An orc comes into view. It is wielding a +0 hand axe.
Natasha and an orc come into view.
The orc shouts! x2
The giant cockroach attacks as you move away!
The giant cockroach bites you but does no damage.
The orc attacks as you move away! The orc hits you with a +0 war axe!
Ouch! That really hurt!
You die...

#### ..#####
### ......
...
#.#..##.##
#.#.......
#..###@#...#
#.....oB.<.#
#.#.##.#o#.#
.. #.#.o...
...
.h###o#.# ##
#... o....
#... #.....
.... ..###.
... .##


You could see an orc wizard, Natasha, 4 orcs and a giant cockroach.

Vanquished Creatures
  A ball python (D:1)
  An endoplasm (D:1)
  A hobgoblin (D:1)
3 creatures vanquished.

Notes
Turn   | Place    | Note
-------+----------+-------------------------------------------
     0 | D:1      | osuadh the Draconian Conjurer began the quest for the Orb.
     0 | D:1      | Reached XP level 1. HP: 14/14 MP: 3/3
     6 | D:1      | Found a faded altar of an unknown god.
   117 | D:3      | Noticed an orc wizard
   119 | D:3      | Noticed Natasha
   121 | D:3      | Mangled by an orc

Illustrated notes

Levels and vault maps discovered:
D:1:      minmay_arrival_radiant_lines, layout_rooms, serial_shops, shop, shop,
          nicolae_shop_behind_doors, shop, shop_fountains,
          ebering_ecumenical_altar_petrified
D:2:      layout_basic, dk_vineyard_2
D:3:      layout_basic, mainiacjoe_overflow_alcove_4, minmay_vboxes,
          uniq_natasha

Action                   || total
-------------------------++-------
Melee: Unarmed           ||     4
       Tailslap          ||     1
 Cast: Magic Dart        ||     7
Armor: Skin              ||     9
Dodge: Dodged            ||    25

Table legend: (Time is in decaauts)
 A = Elapsed time spent in this place.
 B = Non-inter-level travel time spent in this place.
 C = Inter-level travel time spent in this place.
 D = Time resting spent in this place.
 E = Time spent auto-exploring this place.
 F = Levels seen in this place.
 G = Mean time per level.
                   A        B        C        D        E       F      G
               +--------+--------+--------+--------+--------+-----+--------+
         Total |    120 |    120 |      0 |     23 |      7 |   3 |   40.0 |
       Dungeon |    120 |    120 |      0 |     23 |      7 |   3 |   40.0 |
               +--------+--------+--------+--------+--------+-----+--------+

Top non-repeatable levels by time:
     D:1: 90 daAuts
     D:2: 26 daAuts
     D:3: 3 daAuts
